 Dungeon Crawl Stone Soup version 0.28-a0-604-g249bb1af34 (webtiles) character file.

Game seed: 3864172430748435603

230 KristoblXynda the Slasher (level 5, -3/70 HPs)
             Began as a Draconian Berserker on Oct 5, 2021.
             Was a Believer of Trog.
             Slain by Grinder (6 damage)
             ... on level 3 of the Dungeon.
             The game lasted 00:02:00 (2007 turns).

KristoblXynda the Slasher (Draconian Berserker)     Turns: 2007, Time: 00:02:01

Health: -3/70      AC:  5    Str: 20    XL:     5   Next: 72%
Magic:  5/5        EV: 12    Int:  8    God:    Trog [**....]
Gold:   47         SH:  0    Dex: 10    Spells: 4/4 levels left

rFire   . . .      SeeInvis +   a - +0 falchion
rCold   . . .      Faith    .   (no shield)
rNeg    . . .      Spirit   .   (armour unavailable)
rPois   +          Reflect  .   (helmet restricted)
rElec   .          Harm     .   (no cloak)
rCorr   .          Rampage  .   (no gloves)
Will    ++...                   (no boots)
Stlth   ..........              (no amulet)
HPRegen 1.21/turn               g - ring of see invisible
MPRegen 0.09/turn               f - ring of poison resistance

@: berserking, strong-willed (expiring), regenerating (expiring), very quick
A: AC +5, unfitting armour, cold-blooded
a: Renounce Religion, Berserk, Trog's Hand


You were on level 3 of the Dungeon.
You worshipped Trog.
Trog was pleased with you.
You visited 1 branch of the dungeon, and saw 3 of its levels.

You collected 47 gold pieces.

Inventory:

Hand Weapons
 a - a +0 falchion (weapon)
Jewellery
 f - a ring of poison resistance (right hand)
 g - a ring of see invisible (left hand)
Potions
 c - a potion of curing
 d - a potion of cancellation {unknown}
 e - a potion of magic {unknown}


   Skills:
 + Level 4.5 Fighting
 * Level 5.0 Long Blades
 + Level 3.7 Dodging


You had 4 spell levels left.
You didn't know any spells.
Your spell library was empty.

Dungeon Overview and Level Annotations

Branches:
Dungeon (3/15)

Altars:
Zin

Shops:
D:1 (

Annotations:
D:3 Grinder


Innate Abilities, Weirdness & Mutations

Your plain brown scales are hard. (AC +5)
You cannot fit into any form of body armour.
You are cold-blooded and may be slowed by cold attacks.


Message History

Grinder barely misses you.
You closely miss Grinder.
You tail-slap Grinder, but do no damage.
Grinder gestures at you. Pain shoots through your body!
* * * LOW HITPOINT WARNING * * *
Unknown command.
You recover from your berserk rage.
Grinder zaps a wand.
The puff of flame hits you.
* * * LOW HITPOINT WARNING * * *
A red film seems to cover your vision as you go berserk!
You feel yourself moving faster!
You feel mighty!
Grinder zaps a wand.
The puff of flame hits you!
* * * LOW HITPOINT WARNING * * *
You feel a strong urge to attack something.
You barely miss Grinder. You tail-slap Grinder.
Grinder is lightly wounded.
Grinder zaps a wand.
The puff of flame misses you.
You barely miss Grinder.
Grinder is lightly wounded.
Grinder zaps a wand.
The puff of flame hits you.
* * * LOW HITPOINT WARNING * * *
You slash Grinder!
Your tail-slap misses Grinder.
Grinder is heavily wounded.
You hit Grinder but do no damage.
Grinder is heavily wounded.
Grinder hits you.
* * * LOW HITPOINT WARNING * * *
You writhe in agony.
* * * LOW HITPOINT WARNING * * *
You closely miss Grinder.
Grinder is heavily wounded.
You feel the effects of Trog's Hand fading.
Grinder hits you but does no damage.
You barely miss Grinder.
Grinder is heavily wounded.
Grinder hits you!
* * * LOW HITPOINT WARNING * * *
You writhe in agony.
You die...

#.........#
#.##########.#
#...#....##
#............#
#####....#
##.....##.###
...>..####
#...†.##.#
.....#####
#.....##.#
.........#
#.....##.#
......####
#..##.##.#
......#
#.5#..##.#
...)..#
#.@#.###.###
......#
#..........#
......#
#.##.###.#.#
......#
#........#.#
.....##
####.#.... #
######
......#.
.........
.......#.#.
..... .# ..


You could see Grinder.

Vanquished Creatures
  Sigmund (D:2)
  3 adders
  3 dart slugs
  4 ball pythons
  A bat (D:2)
  5 endoplasms
  4 goblins
  5 hobgoblins
  3 jackals (D:1)
  3 quokkas (D:1)
  3 frilled lizards
  3 kobolds
  3 rats
41 creatures vanquished.

Notes
Turn   | Place    | Note
-------+----------+-------------------------------------------
     0 | D:1      | KristoblXynda the Draconian Berserker began the quest for
                  | the Orb.
     0 | D:1      | Reached XP level 1. HP: 19/19 MP: 1/1
   182 | D:1      | Reached XP level 2. HP: 19/26 MP: 2/2
   285 | D:1      | Found a faded altar of an unknown god.
   760 | D:1      | Reached ** piety under Trog
   852 | D:1      | Found Dirug's Weapon Shoppe.
  1096 | D:2      | Reached XP level 3. HP: 30/31 MP: 3/3
  1358 | D:2      | Noticed Sigmund
  1367 | D:2      | Killed Sigmund
  1368 | D:2      | Reached skill level 4 in Long Blades
  1368 | D:2      | Reached XP level 4. HP: 41/41 MP: 4/4
  1368 | D:2      | Reached XP level 5. HP: 47/47 MP: 5/5
  1492 | D:2      | Reached skill level 5 in Long Blades
  1664 | D:2      | Found a glowing silver altar of Zin.
  1940 | D:3      | Noticed Grinder
  2007 | D:3      | HP: 3/70 [Grinder (7)]
  2007 | D:3      | Slain by Grinder

Illustrated notes

Levels and vault maps discovered:
D:1:      ncdulo_wetmaze, layout_loops_ring,
          chequers_ecumenical_altar_simple_redux, serial_shops,
          nicolae_shop_behind_doors
D:2:      layout_loops_ring, basic_altar, uniq_sigmund
D:3:      layout_basic, okawaru_gym_becter, grunt_ministairs_5, minivault_5,
          uniq_grinder, uniq_robin, uniq_crazy_yiuf_cottage

Skill      XL: |  1  2  3  4  5 |
---------------+----------------+-----
Dodging        | 3 |  3.7
Fighting       | 4 |  4.5
Long Blades    | 4 5 |  5.0

Action                   |  1- 3 |  4- 6 || total
-------------------------+-------+-------++-------
Melee: Falchion          |    83 |    42 ||   125
       Tailslap          |    12 |     3 ||    15
Invok: Berserk           |     1 |     3 ||     4
       Trog's Hand       |       |     1 ||     1
  Use: Scroll            |       |     1 ||     1
       Potion            |       |     1 ||     1
 Stab: Sleeping          |     3 |       ||     3
       Distracted        |       |     1 ||     1
Armor: Skin              |    17 |    10 ||    27
Dodge: Dodged            |    46 |    24 ||    70

Table legend: (Time is in decaauts)
 A = Elapsed time spent in this place.
 B = Non-inter-level travel time spent in this place.
 C = Inter-level travel time spent in this place.
 D = Time resting spent in this place.
 E = Time spent auto-exploring this place.
 F = Levels seen in this place.
 G = Mean time per level.
                   A        B        C        D        E       F      G
               +--------+--------+--------+--------+--------+-----+--------+
         Total |   2058 |   2026 |     32 |    112 |   1602 |   3 |  686.0 |
       Dungeon |   2058 |   2026 |     32 |    112 |   1602 |   3 |  686.0 |
               +--------+--------+--------+--------+--------+-----+--------+

Top non-repeatable levels by time:
     D:1: 1049 daAuts
     D:2: 840 daAuts
     D:3: 168 daAuts
